 Dungeon Crawl Stone Soup version 0.32-a0-411-g744942f433 (webtiles) character file.

Game seed: 2162246191976256028

60 cforsyth the Slasher (level 4, 0/34 HPs)
             Began as a Coglin Gladiator on Feb 21, 2024.
             Killed from afar by Sigmund (6 damage)
             ... with a magic dart
             ... on level 2 of the Dungeon.
             The game lasted 00:02:48 (878 turns).

cforsyth the Slasher (Coglin Gladiator)              Turns: 878, Time: 00:02:49

Health: 0/34       AC:  4    Str: 14    XL:     4   Next: 4%
Magic:  4/4        EV: 12    Int:  8    God:
Gold:   66         SH:  0    Dex: 17    Spells: 3/3 levels left

rFire   . . .        a - +0 long sword {Hans}
rCold   . . .        (no shield)
rNeg    . . .        b - +0 leather armour
rPois   .            c - +0 helmet
rElec   .            (no cloak)
rCorr   .            (no gloves)
SInv    .            (no boots)
Will    .....        (no amulet)
Stlth   +            (no ring)
HPRegen 0.25/turn    (no ring)
MPRegen 0.09/turn

%: no passive effects
@: no status effects
A: off-hand wielding, slow wielding, warmup strikes, legs shutdown
a: no special abilities


You were on level 2 of the Dungeon.
You visited 1 branch of the dungeon, and saw 2 of its levels.

You collected 66 gold pieces.


Innate Abilities, Weirdness & Mutations

You can wield a second weapon in your off-hand.
It takes a long time for you to wield or remove held weapons.
Your first few attacks do less damage.
Attacking and casting redirects power from your legs.


   Skills:
 + Level 2.9 Fighting
 + Level 3.6 Long Blades
 - Level 1.7 Throwing
 + Level 1.6 Armour
 - Level 2.6 Dodging


You had 3 spell levels left.
You didn't know any spells.
Your spell library contained the following spells:

 Spells                   Type           Power      Damage    Failure   Level
 Apportation              Tloc           0%         N/A       47%         1
 Jinxbite                 Hex            0%         N/A       63%         2
 Alistair's Intoxication  Alch           0%         N/A       100%        5

Inventory:

Hand Weapons
 a - a +0 long sword (weapon) {Hans}
Missiles
 d - 3 throwing nets (quivered) {=f}
 e - 4 javelins
Armour
 b - a +0 leather armour (worn)
 c - a +0 helmet (worn)
Scrolls
 f - 2 scrolls of amnesia {unknown}
 h - a scroll of torment {unknown}
 j - a scroll of immolation {unknown}
Potions
 g - a potion of cancellation {unknown}
 i - a potion of berserk rage {unknown}

Dungeon Overview and Level Annotations

Branches:
Dungeon (2/15)

Altars:

Annotations:
D:1 1 transporter
D:2 Sigmund

### #.#
#.########
#......)<#
########.########
#........#
#@######## #.#
########.#######
>...............
..######@#......
#w#.##### #.# <
... .. ... ..


You could see Sigmund and a dart slug.


Message History

You attack the rock wall.
You are no longer unable to travel.
Sigmund hits you but does no damage.
You're too confused to attack without stumbling around!
Sigmund casts a spell at you.
You are more confused.
Unknown command.
You bump into the rock wall.
Sigmund points at you and mumbles some strange words.
You resist with some effort. Sigmund gestures at you while chanting.
You resist with some effort.
Found a stone staircase leading down.
Sigmund closely misses you.
You bump into the rock wall.
Sigmund points at you and mumbles some strange words.
The puff of flame hits you.
* * * LOW HITPOINT WARNING * * *
You bump into the rock wall.
Sigmund casts a spell at you. The puff of flame hits you.
* * * LOW HITPOINT WARNING * * *
You bump into the rock wall.
You feel less confused. Sigmund gestures at you while chanting.
The puff of flame hits you.
* * * LOW HITPOINT WARNING * * *
Sigmund casts a spell at you. The magic dart hits you.
You die...
Sigmund begins carving another notch in his scythe.

Skill      XL: |  1  2 |
---------------+-------+-----
Armour         | 1 |  1.6
Fighting       | |  2.9
Long Blades    | |  3.6
Throwing       | |  1.7
Dodging        | |  2.6

Action                     |  1- 3 |  4- 6 || total
---------------------------+-------+-------++-------
  Melee: Long sword        |   112 |    13 ||   125
 Armour: Leather armour    |    89 |    10 ||    99
  Dodge: Dodged            |   110 |     6 ||   116

Levels and vault maps discovered:
D:1:      spicycebolla_arrival_risky_transporter, layout_rooms
D:2:      layout_basic, shapermc_ecumenical_altar_mp_highgroup,
          minmay_tree_intersection, dk_noncrumbling_2, uniq_sigmund,
          uniq_crazy_yiuf_cottage, uniq_robin

Notes
Turn   | Place    | Note
-------+----------+-------------------------------------------
     0 | D:1      | cforsyth the Coglin Gladiator began the quest for the Orb.
     0 | D:1      | Reached XP level 1. HP: 16/16 MP: 1/1
    74 | D:1      | Reached XP level 2. HP: 22/22 MP: 2/2
   184 | D:1      | Reached skill level 1 in Armour
   227 | D:1      | Reached XP level 3. HP: 28/28 MP: 3/3
   534 | D:1      | Reached XP level 4. HP: 19/34 MP: 4/4
   852 | D:2      | Noticed Sigmund
   878 | D:2      | Killed from afar by Sigmund

Vanquished Creatures
  3 bats (D:1)
  An endoplasm (D:1)
  5 giant cockroaches (D:1)
  5 hobgoblins (D:1)
  5 quokkas (D:1)
  4 ball pythons
  6 kobolds (D:1)
  2 rats (D:1)
31 creatures vanquished.

Table legend: (Time is in decaauts)
 A = Elapsed time spent in this place.
 B = Non-inter-level travel time spent in this place.
 C = Inter-level travel time spent in this place.
 D = Time resting spent in this place.
 E = Time spent auto-exploring this place.
 F = Levels seen in this place.
 G = Mean time per level.
                   A        B        C        D        E       F      G
               +--------+--------+--------+--------+--------+-----+--------+
         Total |    907 |    901 |      6 |      0 |    652 |   2 |  453.5 |
       Dungeon |    907 |    901 |      6 |      0 |    652 |   2 |  453.5 |
               +--------+--------+--------+--------+--------+-----+--------+

Top non-repeatable levels by time:
     D:1: 858 daAuts
     D:2: 48 daAuts

Table legend:
 A = Non-vault XP
 B = Vault XP
 C = Vault XP percentage of total XP
 D = Non-vault monster count
 E = Vault monster count
 F = Vault count percentage of total count
                 A         B        C        D         E       F
            +---------+---------+-------+---------+---------+-------
      Total |      86 |       0 |   0.0 |      31 |       0 |   0.0
            +---------+---------+-------+---------+---------+-------
        D:1 |      84 |       0 |   0.0 |      30 |       0 |   0.0
        D:2 |       2 |       0 |   0.0 |       1 |       0 |   0.0
            +---------+---------+-------+---------+---------+-------
